AoeStats
← So sad

Nomad

505064189Analyzed
3v3 RM · 25d ago on Sep 7, 2026· 71m 41s· 6 players
Game mode
Random Map
Map size
210×210
Population
200
Speed
Normal
Resources
Standard
Victory
Conquest
Starting age
Dark Age
Ending age
Imperial Age
RankedLock teamsTeams togetherTeam positionsShared explorationLock speedFull tech treeHidden civsTurbo modeCheats
Victory
Defeat
🇺🇦 Burmese · Ukraine
1305
+18
🇧🇾 Poles · Belarus
1303
+17
🇧🇾 Dravidians · Belarus
1295
+18
🇨🇿 Turks · Czechia
1354
-19
🇨🇿 Spanish · Czechia
1354
-18
🇨🇿 Teutons · Czechia
1307
-16
Escapist
4:03 Loom
13:48 Feudal Age
14:31 Double-Bit Axe
14:43 Town Watch
20:17 Wheelbarrow
19:44 Fletching
19:54 Padded Archer Armor
20:07 Forging
23:47 Castle Age
23:38 Fishing Lines
24:40 Medium Warships
24:52 Gillnets
28:00 Scale Barding Armor
29:39 Padded Archer Armor
31:31 Husbandry
31:42 Bloodlines
33:41 Iron Casting
33:01 Bodkin Arrow
35:05 Chain Barding Armor
36:29 Hand Cart
36:57 Bow Saw
38:41 Horse Collar
43:04 Imperial Age
41:59 Light Cavalry
43:13 Cavalier
46:43 Gold Mining
48:15 Heavy Plow
48:11 Paladin
49:21 Ballistics
51:11 Blast Furnace
50:43 Masonry
52:20 Plate Barding Armor
58:17 Architecture
63:05 Conscription
63:10 Supremacy
63:33 Hoardings
63:00 Murder Holes
65:57 Bodkin Arrow
67:21 Bracer
Kovboj
4:36 Loom
13:48 Feudal Age
22:19 Castle Age
36:18 Elite Skirmisher
39:28 Wheelbarrow
39:32 Scale Mail Armor
40:12 Forging
41:07 Horse Collar
44:21 Scale Barding Armor
44:56 Bloodlines
45:19 Fletching
46:19 Heavy Plow
48:30 Double-Bit Axe
49:19 Chain Barding Armor
50:55 Iron Casting
54:41 Imperial Age
53:00 Hand Cart
52:33 Town Watch
53:09 Bow Saw
56:00 Plate Barding Armor
55:54 Conscription
55:41 Cavalier
59:05 Blast Furnace
59:37 Paladin
morefocus
5:20 Loom
13:37 Feudal Age
15:11 Double-Bit Axe
20:40 Castle Age
20:17 Horse Collar
28:12 Imperial Age
37:00 Padded Archer Armor
40:51 Scale Barding Armor
45:47 Forging
47:14 Fishing Lines
48:52 Wheelbarrow
48:58 Husbandry
50:09 Iron Casting
50:33 Bloodlines
54:02 Blast Furnace
53:24 Chain Barding Armor
57:20 Heavy Camel Rider
60:26 Plate Barding Armor
72:23 Blast Furnace
So sad
5:49 Loom
13:50 Feudal Age
18:42 Castle Age
16:51 Fishing Lines
17:03 Town Watch
17:08 Double-Bit Axe
18:00 Fletching
18:02 Horse Collar
19:39 Bodkin Arrow
22:03 Elite Skirmisher
27:03 Murder Holes
28:37 Wheelbarrow
33:56 Stone Mining
34:25 Padded Archer Armor
39:45 Imperial Age
37:56 Pikeman
39:14 Squires
40:01 Halberdier
49:58 Scale Mail Armor
57:18 Arson
58:49 Bow Saw
61:31 Chain Mail Armor
63:01 Forging
63:40 Leather Archer Armor
65:43 Conscription
66:36 Hand Cart
68:03 Fortified Wall
69:54 Plate Mail Armor
70:47 Guilds
71:12 Heavy Plow
HURMA
9:05 Loom
13:58 Feudal Age
14:48 Double-Bit Axe
14:46 Fishing Lines
16:30 Wheelbarrow
16:18 Stone Mining
22:02 Horse Collar
26:58 Castle Age
26:24 Fletching
26:34 Padded Archer Armor
27:03 Gold Mining
26:59 Crossbowman
27:55 Bow Saw
28:33 Thumb Ring
29:40 Medium Warships
29:46 Heavy Plow
32:23 Ballistics
33:17 Stone Shaft Mining
34:25 Bodkin Arrow
37:26 Hand Cart
36:56 Town Watch
40:21 Imperial Age
37:53 Light Cavalry
38:34 Husbandry
39:41 Masonry
39:47 Bloodlines
41:34 Szlachta Privileges
40:55 Cavalier
42:52 Forging
42:51 Scale Barding Armor
43:41 Crop Rotation
45:47 Iron Casting
45:33 Chain Barding Armor
48:50 Conscription
49:09 Siege Engineers
50:05 Chemistry
48:47 Treadmill Crane
52:32 Hoardings
52:41 Bracer
53:42 Blast Furnace
54:21 Leather Archer Armor
56:32 Scale Mail Armor
57:31 Pikeman
58:12 Squires
57:57 Arson
59:11 Coinage
59:10 Chain Mail Armor
59:43 Murder Holes
60:34 Plate Mail Armor
60:17 Winged Hussar
60:57 Capped Ram
63:15 Lechitic Legacy
63:55 Town Watch
64:52 Sappers
66:34 Fortified Wall
68:24 Elite Obuch
72:13 Banking
71:44 Caravan
NiL
9:49 Loom
13:46 Feudal Age
15:08 Man-at-Arms
18:38 Castle Age
18:12 Stone Mining
18:13 Gold Mining
18:43 Long Swordsman
19:09 Gambesons
19:24 Squires
19:37 Horse Collar
19:53 Arson
20:12 Fishing Lines
23:13 Wheelbarrow
22:23 Town Watch
23:19 Scale Mail Armor
23:30 Forging
26:03 Fletching
28:23 Hand Cart
28:32 Bodkin Arrow
35:37 Elite Skirmisher
36:22 Padded Archer Armor
38:54 Ballistics
49:02 Imperial Age
49:13 Scale Barding Armor
49:43 Iron Casting
50:05 Bloodlines
49:55 Husbandry
50:23 Chain Barding Armor
54:07 Plate Barding Armor
54:01 Conscription
53:45 Howdah
55:31 Blast Furnace
55:01 Elite Battle Elephant
65:40 Gold Shaft Mining
Connection lost

Rejoining the realm…

Still unreachable

The connection could not be restored.

Session expired

The server has moved on; the page needs a fresh start.